 Dungeon Crawl Stone Soup version 0.31.0-32-g396128a36d (webtiles) character file.

Game seed: 15726849279890427532

39 Kaboulah the Trooper (level 3, -2/30 HPs)
             Began as a Barachi Fighter on Mar 17, 2024.
             Slain by a kobold
             ... wielding a +0 whip
              (5 damage)
             ... on level 2 of the Dungeon.
             The game lasted 00:08:23 (919 turns).

Kaboulah the Trooper (Barachi Fighter)               Turns: 919, Time: 00:08:24

Health: -2/30      AC:  7    Str: 19    XL:     3   Next: 45%
Magic:  3/3        EV:  9    Int:  8    God:
Gold:   70         SH:  0    Dex: 11    Spells: 2/2 levels left

rFire   . . .        a - +0 long sword
rCold   . . .        c - +0 buckler
rNeg    . . .        b - +0 scale mail
rPois   .            (no helmet)
rElec   .            (no cloak)
rCorr   .            (no gloves)
SInv    .            (no boots)
Will    .....        (no amulet) Stlth
                     (no ring)
HPRegen 0.25/turn    (no ring)
MPRegen 0.08/turn

%: no passive effects
@: confused, mighty, unable to hop, slow
A: amphibious, slowness 1, strong legs 1, +LOS
a: Hop


You were on level 2 of the Dungeon.
You visited 1 branch of the dungeon, and saw 2 of its levels.

You collected 70 gold pieces.

Inventory:

Hand Weapons
 a - a +0 long sword (weapon)
Missiles
 k - a throwing net
Armour
 b - a +0 scale mail (worn)
 c - a +0 buckler (worn)
 i - a +0 robe
Magical Staves
 h - a staff of air
Scrolls
 e - 2 scrolls of poison {unknown}
 g - a scroll of acquirement {unknown}
 j - a scroll of blinking {unknown}
 l - a scroll of identify {unknown}
Potions
 f - a potion of curing {unknown}
 m - a potion of attraction {unknown}


   Skills:
 + Level 4.0 Fighting
 - Level 3.1 Long Blades
 + Level 0.1 Staves
 - Level 3.9 Armour
 + Level 1.0 Dodging
 - Level 3.5 Shields
 + Level 0.1 Spellcasting
 * Level 0.4 Summonings


You had 2 spell levels left.
You didn't know any spells.
Your spell library contained the following spells:

 Spells                   Type           Power      Damage    Failure   Level
 Call Imp                 Summ           0%         N/A       90%         2
 Sublimation of Blood     Necr           0%         N/A       94%         2
 Inner Flame              Hex/Fire       0%         N/A       99%         3
 Irradiate                Conj/Alch      0%         3d11      100%        5
 Summon Forest            Summ/Tloc      0%         N/A       100%        5
 Summon Mana Viper        Hex/Summ       0%         N/A       100%        5
 Summon Cactus Giant      Summ           0%         N/A       100%        6
 Summon Hydra             Summ           0%         N/A       100%        7
 Ignition                 Fire           0%         3d3       100%        8


Dungeon Overview and Level Annotations

Branches:
Dungeon (2/15)

Altars:

Annotations:
D:2 Sigmund


Innate Abilities, Weirdness & Mutations

You are amphibious.
You cover ground slowly.
You can hop short distances.
You have an extended range of vision and can be seen from far away.


Message History

You barely miss the frilled lizard. Something hits you!
The frilled lizard barely misses you.
You slash the frilled lizard!
You kill the frilled lizard!
You are ready to hop once more.
Something hits you but does no damage.
You close the door.
Something unseen breaks down the door.
You feel very mighty all of a sudden. Something hits you.
Hop to where?
Press: ? - help, Q - select action, (/) - cycle Dir - move target Boing!
You are confused.
You're too confused to move!
You are more confused.
You hear some strange, mumbled words.
You are more confused.
Something hits you! The kobold hits you with a +0 whip. The hobgoblin hits you.
Something hits you but does no damage.
You are too injured to fight recklessly!
You are too injured to fight recklessly!
You are too injured to fight recklessly!
You are too injured to fight recklessly!
The kobold hits you with a +0 whip.
* * * LOW HITPOINT WARNING * * *
The kobold hits you but does no damage.
The hobgoblin hits you but does no damage.
Something hits you.
* * * LOW HITPOINT WARNING * * *
The hobgoblin hits you but does no damage.
You bump into the rock wall.
Something hits you.
* * * LOW HITPOINT WARNING * * *
The kobold hits you but does no damage. The hobgoblin misses you.
You barely miss the kobold. The kobold closely misses you.
The hobgoblin hits you but does no damage.
Something hits you.
* * * LOW HITPOINT WARNING * * *
The kobold hits you with a +0 whip.
You die...

## #.#######.# #...........
.# #.# #.....# #############
.# ##.# #.##### #......#
.####..# #.# #......#
.##...####.##########......#
.................gK{'......+
##########.##########......#
#.# #######......# #.#
#.@..........# #l#
#Kg.....######
#.####..{....#
#..†.'.......#
######.......# #.......#
#.......# #.......#
#.......#


You could see a hobgoblin and a kobold.

Vanquished Creatures
  A ribbon worm (D:2)
  2 dart slugs (D:1)
  5 ball pythons
  4 endoplasms
  A giant cockroach (D:1)
  A goblin (D:1)
  2 hobgoblins
  2 quokkas (D:1)
  3 bats (D:1)
  3 frilled lizards
  2 kobolds (D:1)
  4 rats
30 creatures vanquished.

Notes
Turn   | Place    | Note
-------+----------+-------------------------------------------
     0 | D:1      | Kaboulah the Barachi Fighter began the quest for the Orb.
     0 | D:1      | Reached XP level 1. HP: 18/18 MP: 1/1
   130 | D:1      | Reached XP level 2. HP: 25/25 MP: 2/2
   470 | D:1      | Reached XP level 3. HP: 30/30 MP: 3/3
   695 | D:2      | Reached skill level 4 in Fighting
   695 | D:2      | Reached skill level 1 in Dodging
   858 | D:2      | Noticed Sigmund
   919 | D:2      | Slain by a kobold

Illustrated notes

Levels and vault maps discovered:
D:1:      dpeg_arrival_prison, layout_rooms
D:2:      layout_basic, minmay_tiny_reverse_x, uniq_sigmund

Skill      XL: |  1  2  3 |
---------------+----------+-----
Long Blades    | 3 |  3.1
Fighting       | 4 |  4.0
Dodging        | 1 |  1.0
Staves         | |  0.1
Armour         | |  3.9
Shields        | |  3.5
Spellcasting   | |  0.1
Summonings     | |  0.4

Action                     || total
---------------------------++-------
  Melee: Long sword        ||    99
Ability: Hop               ||     4
    Use: Potion            ||     1
 Armour: Scale mail        ||    91
  Dodge: Dodged            ||    45
  Block: Buckler           ||    19
